 Dungeon Crawl Stone Soup version 0.31.0-11-ge490571c62 (webtiles) character file.

Game seed: 8609724988971438748

1628802 juan097 the Acrobat (level 27, 231/231 HPs)
             Began as a Human Hunter on Jan 25, 2024.
             Was a High Priest of Okawaru.
             Escaped with the Orb
             ... and 3 runes
             ... and 1 gem on Jan 26, 2024!
             The game lasted 05:13:17 (85869 turns).

juan097 the Acrobat (Human Hunter)                 Turns: 85869, Time: 05:13:17

Health: 231/231    AC: 29    Str: 16    XL:     27
Magic:  35/35      EV: 51    Int: 14    God:    Okawaru [*****.]
Gold:   6794       SH:  0    Dex: 53    Spells: 16/36 levels left

rFire   + . .        a - +9 triple crossbow (freeze)
rCold   + + .        (shield currently unavailable)
rNeg    + + .        u - quicksilver dragon scales
rPois   +            Y - +2 helmet of Untruth {rPois}
rElec   .            x - +1 cloak of Senteciv {rC+++ Int-2 Dex+5 Stlth-}
rCorr   .            o - +1 pair of gloves of the Solstice {rN+ Str+3 Dex+5}
SInv    .            l - +0 pair of boots of Misanthropy {Will+ Dex+6}
Will    +++++        h - amulet of Laimpoykh {Spirit ^Drain Int+6 Slay+3}
Stlth   ++           j - ring of the Death Scarab {rF+ rC- Will++ Dex+6 Stlth+}
HPRegen 0.58/turn    F - ring of Ytiokhle {^Drain rN+ AC+4 Dex+2 Slay+3, =R}
MPRegen 0.24/turn

%: guardian spirit
@: studying 2 skills
A: explore regen, persistent drain
0: Orb of Zot
}: 3/15 runes: serpentine, barnacled, slimy
a: Renounce Religion, Heroism, Finesse, Duel


You escaped.
You worshipped Okawaru.
Okawaru was extremely pleased with you.
You visited 12 branches of the dungeon, and saw 55 of its levels.
You also visited: Trove, Ossuary, Ice Cave and Wizlab.

You collected 10771 gold pieces.
You spent 3977 gold pieces at shops.

Inventory:

Hand Weapons
 a - a +9 triple crossbow of freezing (weapon)
 b - the +5 great sword "Ikkufux" {venom, Dex+5}
   (You took it off a naga sharpshooter on level 4 of the Snake Pit)

   Dex+5:     It affects your dexterity (+5).
 w - a +5 vampiric quick blade
Missiles
 I - 17 curare-tipped darts
 R - 7 throwing nets
 W - 12 datura-tipped darts
Armour
 l - the +0 pair of boots of Misanthropy (worn) {Will+ Dex+6}
   (You found it in a treasure trove)

   Dex+6:     It affects your dexterity (+6).
   Will+:     It increases your willpower.
 o - the +1 pair of gloves of the Solstice (worn) {rN+ Str+3 Dex+5}
   (You bought it in a shop on level 2 of the Orcish Mines)

   Str+3:     It affects your strength (+3).
   Dex+5:     It affects your dexterity (+5).
   rN+:       It protects you from negative energy.
 u - quicksilver dragon scales (worn)
 x - the +1 cloak of Senteciv (worn) {rC+++ Int-2 Dex+5 Stlth-}
   (You found it in a wizard's laboratory)

   Int-2:     It affects your intelligence (-2).
   Dex+5:     It affects your dexterity (+5).
   rC+++:     It renders you almost immune to cold.
   Stlth-:    It makes you less stealthy.
 Y - the +2 helmet of Untruth (worn) {rPois}
   (Okawaru gifted it to you on level 3 of the Lair of Beasts)

   rPois:     It protects you from poison
Jewellery
 h - the amulet of Laimpoykh (around neck) {Spirit ^Drain Int+6 Slay+3}
   (You found it in a treasure trove)

   [amulet of guardian spirit]

   Spirit:    It causes incoming damage to be divided between your reserves of
   health and magic.
   Int+6:     It affects your intelligence (+6).
   Slay+3:    It affects your accuracy & damage with ranged weapons and melee
   (+3).
   ^Drain:    It drains your maximum health when unequipped.
 j - the ring of the Death Scarab (left hand) {rF+ rC- Will++ Dex+6 Stlth+}
   (You found it on level 5 of the Lair of Beasts)

   [ring of dexterity]

   Dex+6:     It affects your dexterity (+6).
   rF+:       It protects you from fire.
   rC-:       It makes you vulnerable to cold.
   Will++:    It greatly increases your willpower.
   Stlth+:    It makes you more stealthy.
 F - the ring of Ytiokhle (right hand) {^Drain rN+ AC+4 Dex+2 Slay+3, =R}
   (You found it on level 5 of the Pits of Slime)

   [ring of protection]

   AC+4:      It affects your AC (+4).
   Dex+2:     It affects your dexterity (+2).
   Slay+3:    It affects your accuracy & damage with ranged weapons and melee
   (+3).
   rN+:       It protects you from negative energy.
   ^Drain:    It drains your maximum health when unequipped.
 H - the ring "Hauthrec" {Fly rC+ rN+}
   (You took it off a necromancer on level 2 of the Vaults)

   [ring of positive energy]

   rC+:       It protects you from cold.
   rN+:       It protects you from negative energy.
   Fly:       It grants you flight.
 N - the ring of Zuquoss {rCorr Int+2}
   (You took it off a wight on level 9 of the Dungeon)

   [ring of resist corrosion]

   Int+2:     It affects your intelligence (+2).
   rCorr:     It protects you from acid and corrosion.
 Q - the ring "Segicvim" {rElec rF+ Will+ Str-5 SInv}
   (You bought it in a shop on level 1 of the Depths)

   [ring of see invisible]

   Str-5:     It affects your strength (-5).
   rF+:       It protects you from fire.
   rElec:     It insulates you from electricity.
   Will+:     It increases your willpower.
   SInv:      It lets you see invisible.
Wands
 e - a wand of digging (36)
 G - a wand of quicksilver (42)
 V - a wand of roots (8)
Scrolls
 d - 35 scrolls of identify
 i - 12 scrolls of revelation
 m - 11 scrolls of fear
 p - 15 scrolls of teleportation
 q - 6 scrolls of silence
 t - 7 scrolls of vulnerability
 y - 13 scrolls of fog
 z - 2 scrolls of blinking
 A - 10 scrolls of immolation
 E - 9 scrolls of enchant armour
 J - 17 scrolls of poison
 O - 2 scrolls of enchant weapon
Potions
 c - 4 potions of berserk rage
 f - 5 potions of cancellation
 g - 5 potions of attraction
 n - 22 potions of curing
 r - 4 potions of magic
 s - 8 potions of enlightenment
 v - 13 potions of might
 B - 16 potions of heal wounds
 C - 9 potions of invisibility
 D - 12 potions of brilliance
 K - 5 potions of resistance
 M - 4 potions of haste
 U - 9 potions of lignification
 X - 7 potions of ambrosia
Miscellaneous
 k - a condenser vane (inert)


   Skills:
 + Level 21.9 Fighting
 - Level 8.0(12.0) Short Blades
 - Level 14.2(15.0) Long Blades
 - Level 21.0 Ranged Weapons
 - Level 6.0 Throwing
 - Level 15.0 Armour
 + Level 21.9 Dodging
 - Level 8.0 Stealth
 - Level 5.0 Spellcasting
 - Level 10.0 Hexes
 - Level 14.0 Translocations
 - Level 8.0 Ice Magic
 - Level 16.0 Invocations
 + Level 13.6 Evocations


You had 16 spell levels left.
You knew the following spells:

 Your Spells              Type           Power      Damage    Failure   Level
a - Blink                 Tloc           84%        N/A       1%          2
b - Gell's Gravitas       Tloc           42%        N/A       1%          3
c - Teleport Other        Tloc           42%        N/A       1%          3
d - Passage of Golubria   Tloc           42%        N/A       1%          4
e - Dimensional Bullseye  Hex/Tloc       18%        N/A       1%          4
f - Ozocubu's Armour      Ice            25%        N/A       3%          3
g - Apportation           Tloc           84%        N/A       1%          1

Your spell library contained the following spells:

 Spells                   Type           Power      Damage    Failure   Level
 Freeze                   Ice            100%       1d10      1%          1
 Jinxbite                 Hex            62%        N/A       1%          2
 Lesser Beckoning         Tloc           84%        N/A       1%          2
 Sigil of Binding         Hex            31%        N/A       1%          3
 Manifold Assault         Tloc           42%        N/A       1%          4
 Frozen Ramparts          Ice            50%        1d8       3%          3
 Volatile Blastmotes      Fire/Tloc      46%        2d13      4%          3
 Cause Fear               Hex            15%        N/A       4%          4
 Dazzling Flash           Conj/Hex       34%        N/A       10%         3
 Inner Flame              Hex/Fire       17%        N/A       10%         3
 Iskenderun's Mystic Bla  Conj/Tloc      23%        2d6       14%         4
 Vhi's Electric Charge    Tloc/Air       46%        N/A       14%         4
 Hailstorm                Conj/Ice       14%        3d6       16%         3
 Metabolic Englaciation   Hex/Ice        14%        N/A       19%         5
 Magic Dart               Conj           12%        1d3       26%         1
 Necrotise                Necr           12%        1d4       26%         1
 Sandblast                Erth           6%         2d5       26%         1
 Sting                    Conj/Alch      12%        1d3       26%         1
 Anguish                  Hex/Necr       8%         N/A       32%         4
 Mercury Vapours          Alch/Air       6%         N/A       36%         2
 Scorch                   Fire           6%         2d5       36%         2
 Searing Ray              Conj           6%         2d4       36%         2
 Static Discharge         Conj/Air       6%         3-4/arc   36%         2
 Sublimation of Blood     Necr           3%         N/A       36%         2
 Fugue of the Fallen      Necr           3%         N/A       61%         3
 Mephitic Cloud           Conj/Alch/Air  3%         N/A       61%         3
 Stone Arrow              Conj/Erth      6%         3d7       61%         3
 Vampiric Draining        Necr           3%         2d6       61%         3
 Silence                  Hex/Air        8%         N/A       67%         5
 Yara's Violent Unravell  Hex/Alch       8%         3d5       67%         5
 Freezing Cloud           Conj/Ice/Air   5%         6-21      94%         5
 Airstrike                Air            1%         2d(1-17)  95%         4
 Brom's Barrelling Bould  Conj/Erth      3%         2d3       95%         4
 Flame Wave               Conj/Fire      3%         2d5       95%         4
 Fulminant Prism          Conj/Alch      1%         3d5       95%         4
 Ignite Poison            Fire/Alch      3%         N/A       95%         4
 Leda's Liquefaction      Alch/Erth      1%         N/A       95%         4
 Olgreb's Toxic Radiance  Alch           3%         N/A       95%         4
 Petrify                  Alch/Erth      3%         N/A       95%         4
 Sticky Flame             Fire/Alch      3%         2d4       95%         4
 Enfeeble                 Hex            15%        N/A       98%         7
 Alistair's Intoxication  Alch           2%         N/A       100%        5
 Arcjolt                  Conj/Air       1%         1d11      100%        5
 Borgnjor's Vile Clutch   Necr/Erth      1%         N/A       100%        5
 Curse of Agony           Necr           3%         N/A       100%        5
 Fireball                 Conj/Fire      1%         3d3       100%        5
 Irradiate                Conj/Alch      1%         3d12      100%        5
 Iskenderun's Battlesphe  Conj           3%         2d6       100%        5
 Lee's Rapid Deconstruct  Erth           1%         3d4*      100%        5
 Conjure Ball Lightning   Conj/Air       1%         3x3d6     100%        6
 Eringya's Noxious Bog    Alch           1%         4d6       100%        6
 Starburst                Conj/Fire      1%         6d3       100%        6
 Orb of Destruction       Conj           1%         9d5       100%        7
 Ozocubu's Refrigeration  Ice            12%        4d10      100%        7
 Discord                  Hex            15%        N/A       100%        8
 Ignition                 Fire           1%         3d3       100%        8
 Lehudib's Crystal Spear  Conj/Erth      1%         10d2      100%        8
 Maxwell's Capacitive Co  Air            1%         ∞         100%        8
 Shatter                  Erth           1%         3d6*      100%        9
 Tukima's Dance           Hex            Unusable   N/A       N/A         3
 Summon Ice Beast         Ice/Summ       Unusable   N/A       N/A         3
 Summon Small Mammal      Summ           Unusable   N/A       N/A         1
 Call Imp                 Summ           Unusable   N/A       N/A         2
 Call Canine Familiar     Summ           Unusable   N/A       N/A         3
 Summon Mana Viper        Hex/Summ       Unusable   N/A       N/A         5
 Animate Armour           Summ/Erth      Unusable   N/A       N/A         4
 Martyr's Knell           Necr/Summ      Unusable   N/A       N/A         4
 Summon Blazeheart Golem  Fire/Summ      Unusable   N/A       N/A         4
 Summon Lightning Spire   Summ/Air       Unusable   N/A       N/A         4
 Sculpt Simulacrum        Ice/Alch       Unusable   N/A       N/A         6
 Summon Cactus Giant      Summ           Unusable   N/A       N/A         6
 Malign Gateway           Summ/Tloc      Unusable   N/A       N/A         7
 Monstrous Menagerie      Summ           Unusable   N/A       N/A         7
 Spellforged Servitor     Conj/Summ      Unusable   N/A       N/A         7
 Summon Hydra             Summ           Unusable   N/A       N/A         7

Dungeon Overview and Level Annotations

Branches:
Dungeon (15/15)            Temple (1/1) D:4            Lair (5/5) D:8
 Shoals (4/4) Lair:3        Snake (4/4) Lair:3        Slime (5/5) Lair:5
    Orc (2/2) D:11            Elf (3/3) Orc:2        Vaults (4/5) D:13
  Crypt (3/3) Vaults:3       Tomb (0/3) Crypt:3      Depths (4/4) D:15
    Zot (5/5) Depths:4    Ossuary (visited)           IceCv (visited)
 WizLab (visited)

Altars:
Ashenzari
Cheibriados
Dithmenos
Elyvilon
Fedhas
Gozag
Hepliaklqana
Kikubaaqudgha
Makhleb
Nemelex Xobeh
Okawaru
Qazlal
Ru
Sif Muna
Trog
Uskayaw
Vehumet
Wu Jian
Xom
Yredelemnul
Zin
The Shining One
Jiyva
Lugonu

Shops:
D:6 :   D:13 ?   Orc:2 [[*[!*?*   Elf:1 *[   Elf:3 ([!((   Shoals:1 *
Shoals:3 [   Snake:2 [   Vaults:1 [[((*   Vaults:3 (   Vaults:4 *   Zot:1 *
Depths:1 =::

Portals:
Hell: Depths:1 Depths:2 Depths:3 Depths:4
Abyss: Lair:5 Depths:2 Depths:3 Depths:4
Pandemonium: Depths:2
Ziggurat: Depths:1

Annotations:
D:3 Terence
D:5 3 runed translucent doors, Jaukkuri's ghost, novice DEMo
Shoals:1 Heh's ghost, adept DsGl
Elf:2 5 runed translucent doors, turdburglar's ghost, adept DrSh
Depths:4 5 runed translucent doors


Innate Abilities, Weirdness & Mutations

You regain HP and MP as you explore.
Your health recovers twice as slowly from being drained.


Message History

You climb upwards.
There is a stone staircase leading down here.
A shadow demon comes into view.
You shoot a bolt. The bolt hits the shadow demon!!!!
The bolt freezes the shadow demon.
You kill the shadow demon!
Okawaru accepts your kill.
There is a stone staircase leading up here.
You climb upwards.
Level annotation: 3 runed translucent doors, Jaukkuri's ghost, novice DEMo
There is a stone staircase leading down here.
What level of the Dungeon? (default 1, ? - help)
There is a stone staircase leading up here.
You climb upwards.
A hellion comes into view.
There is a stone staircase leading down here.
You shoot a bolt. The bolt hits the hellion!!!
The bolt freezes the hellion.
You kill the hellion!
Okawaru accepts your kill.
What level of the Dungeon? (default 1, ? - help)
You see here a +0 chain mail.
There is a stone staircase leading up here.
You climb upwards.
Level annotation: Terence
There is a stone staircase leading down here.
There is a stone staircase leading up here.
You climb upwards.
There is a stone staircase leading down here.
A reaper comes into view. It is wielding a +2 scythe of venom.
You shoot a bolt. The bolt hits the reaper!!!
The bolt freezes the reaper.
The reaper is severely wounded.
You shoot a bolt. The bolt hits the reaper!!!!
The bolt freezes the reaper.
You kill the reaper!
Okawaru accepts your kill.
There is a stone staircase leading up here.
You climb upwards.
There is a stone staircase leading down here.
There is an open gate here.
There is a staircase leading out of the dungeon here.
You have escaped!

...........##.# #.#
##########.##.# #.# # #.##.# #.#
# #### #.##.######.# # #..#
###...........#
###..###[#...##+++##.#######
#.......#..#.#.....#.......#
#.#..#.###.#.#.....#...###.#
......#####..#..@..#.#..##.#
.....#.#.#.#.#.....#.#.._..######
....÷#..#.##.##'''##...#.........
###....#.#.##.........##...######
# #[#÷............##..##...######
###....#>#.######.###.####.......
.....#....## ##.......##########
#.##.#.#.## #...#.##..##
.....#.#.# #.......#..#


There were no monsters in sight!

Vanquished Creatures
  the Royal Jelly (Slime:5)
  4 dread liches
  3 ancient liches (Zot:5)
  5 orbs of fire
  2 juggernauts (Depths:4)
  A royal mummy (Crypt:3)
  8 Killer Klowns (Zot:5)
  Saint Roka (Crypt:1)
  2 caustic shrikes
  12 golden dragons
  2 bone dragons (Depths:4)
  A Tzitzimitl (Depths:4)
  2 electric golems (Zot:5)
  A hellephant (Zot:2)
  16 tentacled monstrosities
  4 liches
  27 Orb Guardians
  A shard shrike skeleton (Crypt:1)
  2 deep elf blademasters (Elf:3)
  9 death cobs
  Asterion (Snake:3)
  4 deep elf master archers (Elf:3)
  4 quicksilver dragons
  5 ancient champions
  8 sphinxes
  2 pandemonium lords
  16 acid blobs
  2 titans
  Frances (Shoals:2)
  An eldritch tentacle (WizLab)
  9 tengu reavers
  Aizul (Snake:3)
  11 shadow dragons
  14 storm dragons
  17 nagarajas
  7 fire giants
  2 tentacled starspawn (WizLab)
  13 rockslimes
  11 azure jellies
  A revenant (Crypt:1)
  3 protean progenitors
  12 frost giants
  5 draconian knights
  3 draconian shifters
  8 draconian monks
  6 draconian scorchers
  The ghost of osinmv the Slayer, a journeyman MiBe of Trog (Lair:5)
  A curse skull (Crypt:1)
  8 vault wardens
  8 deep elf sorcerers
  A balrug (Depths:1)
  3 deep elf elementalists (Elf:3)
  The ghost of peterlawrence the Tortoise, a journeyman MiFi of Okawaru (Lair:5)
  3 iron dragons
  The ghost of Sobieck the Brawler, a journeyman TrSh of Hepliaklqana (Lair:5)
  3 ghouls (Crypt:2)
  16 ironbound preservers
  8 ghost moths
  6 draconian annihilators
  An orc warlord (Vaults:3)
  A reaper (D:2)
  10 stone giants
  8 formless jellyfish
  A draconian stormcaller (Zot:3)
  19 very ugly things
  The ghost of zewo the Grappler, a journeyman TrFi of Makhleb (Lair:5)
  A juggernaut skeleton (Crypt:2)
  11 quicksilver oozes
  2 cacodemons
  A broodmother (WizLab)
  6 vampire knights
  4 ironbound thunderhulks
  6 deep elf demonologists
  11 green draconians
  A rockslime zombie (Crypt:1)
  Nessos (Orc:2)
  8 deep elf death magi
  6 deep elf annihilators
  11 white draconians
  A lorocyproca (WizLab)
  10 dire elephants
  10 red draconians
  12 black draconians
  Azrael (Elf:1)
  2 elemental wellsprings (Shoals:2)
  9 purple draconians
  11 yellow draconians
  2 minotaurs (Shoals:4)
  4 crystal guardians (Vaults:2)
  8 spark wasps
  7 eidola
  7 yaktaur captains
  11 jiangshi
  7 ettins
  2 merfolk impalers
  8 fire dragons
  9 great orbs of eyes
  2 deep elf high priests (Elf:3)
  An entropy weaver (WizLab)
  The ghost of LoggersVIII the Covert, a journeyman OpEE of Elyvilon (D:12)
  Erolcha (Orc:1)
  Harold (D:10)
  10 rakshasas
  4 vault guards (D:13)
  A sphinx zombie (Depths:2)
  A hell beast (Depths:1)
  5 hydras
  A merfolk avatar (Shoals:2)
  5 salamander tyrants
  2 catoblepae (Vaults:2)
  2 ogre magi (Vaults:2)
  5 spriggan air magi
  2 bennu zombies
  9 ice dragons
  2 merfolk aquamancers
  2 death knights (Crypt:1)
  15 centaur warriors
  12 anacondas
  2 peacekeepers (Vaults:2)
  4 boulder beetles
  A two-headed ogre (shapeshifter) (WizLab)
  4 two-headed ogres
  13 dancing weapons
  23 naga warriors
  6 ironbound frosthearts
  9 tengu warriors
  15 death yaks
  Erica (D:8)
  4 deep troll shamans
  4 thrashing horrors
  14 satyrs
  6 deep troll earth magi
  9 spriggan berserkers
  4 vampire magi
  15 naga sharpshooters
  4 orc high priests
  A sun demon (Depths:4)
  6 shock serpents
  12 deep elf knights
  Amaemon (Lair:1)
  4 soul eaters
  4 salamander mystics
  Sonja (Lair:4)
  7 hell knights
  2 sixfirhies
  16 skeletal warriors
  A glowing orange brain (shapeshifter) (Elf:3)
  3 skysharks
  3 shadow wraiths
  A golden dragon zombie (Depths:1)
  A spectral spark wasp (Depths:1)
  5 glowing orange brains
  11 large abominations
  9 sea snakes
  3 shadow demons
  10 flayed ghosts
  16 deep elf archers
  11 bog bodies
  12 mana vipers
  58 deep trolls
  7 naga ritualists
  2 anaconda skeletons (WizLab)
  6 arcanists
  7 lindwurms
  3 obsidian statues
  3 orb spiders (WizLab)
  4 phantasmal warriors
  8 harpies
  10 orc knights
  7 ironbound convokers
  8 necromancers
  31 deep elf pyromancers
  An oklob plant (Lair:5)
  6 orc sorcerers
  18 deep elf zephyrmancers
  4 shining eyes
  A frost giant zombie (Vaults:3)
  A fire giant zombie (Depths:2)
  37 ugly things
  A wolf spider (D:14)
  32 fauns
  7 cyclopes
  A tengu skeleton (Depths:2)
  24 moths of wrath
  20 manticores
  23 salamanders
  A stone giant skeleton (Crypt:1)
  9 elephants
  2 meliai (D:12)
  10 merfolk sirens
  A human skeleton (Vaults:2)
  45 black mambas
  14 guardian serpents
  An ice statue (IceCv)
  A kobold blastminer (Orc:2)
  A fire giant skeleton (Depths:2)
  An apocalypse crab (WizLab)
  14 naga magi
  A water nymph (shapeshifter) (Depths:2)
  A gargoyle (D:11)
  A torpor snail (Lair:4)
  An eye of devastation (Slime:5)
  5 orange demons
  3 cane toads (shapeshifter)
  13 vault sentinels
  5 smoke demons
  10 water nymphs
  A yaktaur zombie (Vaults:3)
  8 cane toads
  A hellion (D:4)
  9 komodo dragons
  11 unseen horrors
  6 rime drakes
  5 freezing wraiths
  A steelbarb worm zombie (Crypt:1)
  2 spriggan zombies
  An anaconda simulacrum (IceCv)
  32 guardian mummies (Crypt:3)
  34 yaktaurs
  A yaktaur (shapeshifter) (Lair:5)
  2 efreet
  5 tengu conjurers
  A queen bee (D:12)
  2 trolls (shapeshifter)
  20 merfolk
  8 trolls
  4 polar bears
  5 hornets
  2 tyrant leeches (Zot:3)
  3 human zombies
  4 glass eyes
  10 wind drakes
  10 snapping turtles
  30 blink frogs
  2 raiju
  A frost giant simulacrum (Depths:1)
  5 dream sheep
  An elf zombie (Vaults:2)
  2 satyr zombies
  45 slime creatures
  A guardian serpent skeleton (Crypt:3)
  A fire giant simulacrum (Depths:1)
  10 water elementals
  3 centaur simulacra
  3 spriggans
  6 air elementals
  2 shadows (D:11)
  An ice dragon skeleton (Crypt:2)
  4 wyverns
  An ettin skeleton (Vaults:3)
  2 jumping spiders (WizLab)
  A ynoxinul (Depths:2)
  11 ushabtiu (Crypt:3)
  8 wraiths
  A tyrant leech zombie (Crypt:1)
  9 starcursed masses (WizLab)
  29 yaks
  5 fire elementals
  A redback (WizLab)
  A black mamba skeleton (Crypt:3)
  A yak (shapeshifter) (D:14)
  5 death yak simulacra (IceCv)
  12 golden eyes
  A human (shapeshifter) (D:14)
  19 small abominations
  2 wargs (Orc:2)
  A wind drake skeleton (Crypt:3)
  11 vampire mosquitoes
  3 chaos spawn
  11 basilisks
  2 harpy simulacra (IceCv)
  39 nagas
  3 hydra simulacra (IceCv)
  16 water moccasins
  A skyshark zombie (Crypt:3)
  3 hell hounds (Elf:1)
  8 black bears
  22 orc warriors
  A meliai simulacrum (D:12)
  A deep troll skeleton (Crypt:2)
  11 laughing skulls
  26 wolves
  6 ice beasts
  A boggart (WizLab)
  25 centaurs
  3 ogres
  A manticore skeleton (Crypt:3)
  A swamp dragon skeleton (Crypt:2)
  A dream sheep skeleton (Crypt:2)
  2 phantoms
  4 kobold brigands
  A rime drake skeleton (Crypt:2)
  4 earth elementals
  9 bullfrogs
  4 necrophages (Crypt:2)
  7 two-headed ogre simulacra (IceCv)
  An elf skeleton (Crypt:3)
  6 scorpions
  A glowing shapeshifter simulacrum (Depths:2)
  A cane toad simulacrum (IceCv)
  7 wights
  A warg skeleton (Crypt:3)
  A troll zombie (Crypt:3)
  A polar bear zombie (Crypt:2)
  A polar bear skeleton (Crypt:3)
  3 elephant simulacra (IceCv)
  12 killer bees
  2 electric eels (D:12)
  A raiju skeleton (Crypt:2)
  A shapeshifter skeleton (Crypt:1)
  2 howler monkeys
  3 centaur zombies (Ossuary)
  A bullfrog skeleton (Crypt:1)
  2 hounds (D:6)
  5 jellies
  16 orc priests
  A sleepcap (D:8)
  7 iguanas
  18 orc wizards
  2 polar bear simulacra (IceCv)
  4 spriggan simulacra (IceCv)
  4 hell rats (Lair:2)
  5 troll simulacra (IceCv)
  A wolf simulacrum (IceCv)
  4 crocodile zombies (Ossuary)
  9 mummies
  7 gnolls
  3 adders
  3 naga simulacra (IceCv)
  17 white imps
  5 ufetubi (IceCv)
  An adder zombie (Crypt:1)
  3 dart slugs
  A ribbon worm (D:2)
  64 orcs
  11 endoplasms
  2 giant cockroaches
  2 gnoll zombies (Ossuary)
  9 goblins
  4 hobgoblins
  2 jackals (D:4)
  27 kobolds
  5 quokkas
  7 ball pythons
  6 bats
  5 frilled lizards
  A frilled lizard skeleton (Crypt:2)
  A giant cockroach zombie (Crypt:1)
  A goblin skeleton (Crypt:3)
  A kobold zombie (Ossuary)
  6 rats
  An aspiring flesh (Zot:1)
  A butterfly (Depths:3)
  A starspawn tentacle (WizLab)
2356 creatures vanquished.

Vanquished Creatures (others)
  A dread lich (Zot:5)
  An eldritch tentacle (WizLab)
  A naga warrior (Snake:3)
  An orc priest (Orc:2)
  4 starspawn tentacles (WizLab)
8 creatures vanquished.

Grand Total: 2364 creatures vanquished

Notes
Turn   | Place    | Note
-------+----------+-------------------------------------------
     0 | D:1      | juan097 the Human Hunter began the quest for the Orb.
     0 | D:1      | Reached XP level 1. HP: 16/16 MP: 1/1
     3 | D:1      | Found a faded altar of an unknown god.
   116 | D:1      | Reached XP level 2. HP: 22/22 MP: 2/2
   349 | D:1      | Reached XP level 3. HP: 27/27 MP: 3/3
   814 | D:2      | Reached XP level 4. HP: 33/33 MP: 4/4
   877 | D:2      | Got Kyeq's Discourse on the Vexing Icicle
   999 | D:2      | Reached skill level 5 in Ranged Weapons
  1805 | D:3      | Reached XP level 5. HP: 38/38 MP: 5/5
  1951 | D:3      | Noticed Terence
  2470 | D:4      | Found an iron altar of Okawaru.
  2470 | D:4      | Found an opulent altar of Gozag.
  2509 | D:4      | Became a worshipper of Warmaster Okawaru
  2557 | D:4      | Reached skill level 1 in Short Blades
  2885 | D:4      | Found a staircase to the Ecumenical Temple.
  2894 | Temple   | Entered the Ecumenical Temple
  2998 | D:4      | Reached XP level 6. HP: 33/44 MP: 6/6
  3079 | D:4      | Found a bloodstained altar of Trog.
  3079 | D:4      | Found an ancient bone altar of Kikubaaqudgha.
  3183 | D:5      | Entered Level 5 of the Dungeon
  3331 | D:5      | Noticed a black bear
  3551 | D:5      | Killed a black bear
  3551 | D:5      | Reached * piety under Okawaru
  3552 | D:5      | Reached XP level 7. HP: 25/50 MP: 7/7
  3832 | D:5      | Reached skill level 5 in Short Blades
  4189 | D:5      | Found a runed translucent gate.
  4189 | D:5      | Noticed Jaukkuri's ghost (novice DEMo)
  4194 | D:5      | Found a runed translucent gate.
  4195 | D:5      | Found a runed translucent gate.
  4558 | D:5      | Found a shadowy altar of Dithmenos.
  4579 | D:5      | Reached XP level 8. HP: 56/56 MP: 8/8
  4901 | D:5      | Reached skill level 1 in Armour
  5113 | D:6      | Reached skill level 1 in Invocations
  5271 | D:6      | Found Foerph Pekur's Self-Published Books.
  5446 | D:6      | Reached ** piety under Okawaru
  5780 | D:6      | Found a stormy altar of Qazlal.
  5834 | D:6      | Found an ornate altar of the Wu Jian Council.
  5855 | D:6      | Found a blossoming altar of Fedhas.
  5856 | D:6      | Found a shimmering blue altar of Sif Muna.
  5858 | D:6      | Found a snail-covered altar of Cheibriados.
  6161 | D:7      | Found a sand-covered staircase.
  6167 | Ossuary  | Entered an ossuary
  6181 | Ossuary  | Reached skill level 5 in Stealth
  6304 | Ossuary  | Reached XP level 9. HP: 33/64 MP: 8/10
  7717 | D:8      | Learned a level 2 spell: Blink
  8039 | D:8      | Found a staircase to the Lair.
  8377 | D:8      | Reached *** piety under Okawaru
  8590 | D:8      | Noticed Erica
  8693 | D:9      | You fall into a shaft and drop 2 floors!
  8732 | D:10     | Entered Level 10 of the Dungeon
  8802 | D:10     | Killed an unseen horror
  8803 | D:10     | Reached skill level 5 in Fighting
  8803 | D:10     | Reached skill level 5 in Dodging
  8803 | D:10     | Reached XP level 10. HP: 14/74 MP: 10/13
  9460 | D:9      | Identified the +6 falchion "Ytusul" {elec, *Corrode *Slow
                  | rElec MP+9}
  9948 | D:9      | Reached skill level 1 in Long Blades
 10270 | D:10     | Noticed a two-headed ogre
 10365 | D:10     | Noticed Harold
 10823 | D:10     | Identified the ring of Zuquoss {rCorr Int+2}
 11271 | D:10     | Killed a two-headed ogre
 11301 | D:10     | Reached **** piety under Okawaru
 11326 | D:9      | Reached skill level 5 in Long Blades
 11851 | D:11     | Noticed a green ugly thing
 11862 | D:11     | Killed a green ugly thing
 12017 | D:11     | Found a staircase to the Orcish Mines.
 12060 | D:11     | Reached skill level 5 in Invocations
 12169 | D:11     | Reached XP level 11. HP: 56/81 MP: 9/15
 12546 | D:10     | Killed Harold
 12964 | D:11     | Reached skill level 1 in Evocations
 13191 | Orc:1    | Entered Level 1 of the Orcish Mines
 13196 | Orc:1    | Noticed an orc knight
 13204 | D:11     | Reached ***** piety under Okawaru
 13293 | D:12     | Found a transporter.
 13295 | D:12     | Found a transporter.
 13295 | D:12     | Noticed LoggersVIII's ghost (journeyman OpEE)
 13343 | D:12     | Found a frozen archway.
 13363 | IceCv    | Entered an ice cave
 15635 | IceCv    | Received a gift from Okawaru
 15860 | IceCv    | Noticed a bog body
 15860 | IceCv    | Noticed a bog body
 15959 | IceCv    | Killed a bog body
 16076 | IceCv    | Killed a bog body
 16077 | IceCv    | Reached XP level 12. HP: 52/91 MP: 18/18
 17912 | Orc:2    | Entered Level 2 of the Orcish Mines
 17912 | Orc:2    | Found Muenuhea's Armour Boutique.
 17989 | Orc:2    | Noticed Erolcha
 18159 | D:8      | Received a gift from Okawaru
 18321 | D:8      | Killed Erica
 18589 | Lair:1   | Entered Level 1 of the Lair of Beasts
 18903 | Lair:1   | Noticed Amaemon
 18921 | Lair:1   | Killed Amaemon
 18922 | Lair:1   | Reached skill level 10 in Invocations
 19062 | Lair:1   | Received a gift from Okawaru
 19788 | Lair:2   | Noticed a death yak
 19788 | Lair:2   | Noticed a death yak
 19791 | Lair:2   | Noticed a death yak
 19808 | Lair:1   | Reached skill level 10 in Ranged Weapons
 19837 | Lair:2   | Noticed a death yak
 19947 | Lair:2   | Reached skill level 5 in Evocations
 19956 | Lair:2   | Noticed a death yak
 19982 | Lair:1   | Killed a death yak
 20043 | Lair:1   | Killed a death yak
 20106 | Lair:1   | Killed a death yak
 20172 | Lair:1   | Killed a death yak
 20173 | Lair:1   | Reached XP level 13. HP: 85/98 MP: 20/20
 20221 | Lair:2   | Received a gift from Okawaru
 20706 | Lair:2   | You fall into a shaft and drop 2 floors!
 21273 | Lair:3   | Received a gift from Okawaru
 21274 | Lair:3   | Reached skill level 5 in Armour
 21729 | Lair:3   | Found a shadowy altar of Dithmenos.
 21908 | Lair:3   | Found a staircase to the Snake Pit.
 22161 | Lair:3   | Received a gift from Okawaru
 23464 | Lair:3   | Found a staircase to the Shoals.
 23584 | Lair:3   | Received a gift from Okawaru
 24180 | Lair:4   | Noticed Sonja
 24181 | Lair:4   | Killed Sonja
 24182 | Lair:4   | Reached XP level 14. HP: 108/108 MP: 22/22
 24514 | Lair:3   | Reached ****** piety under Okawaru
 24652 | Lair:3   | Acquired a +4 vampiric quick blade
 24652 | Lair:3   | Received a gift from Okawaru
 24655 | Lair:3   | Acquired the +2 helmet of Untruth {rPois}
 24655 | Lair:3   | Received a gift from Okawaru
 25176 | Lair:4   | Received a gift from Okawaru
 25726 | Lair:4   | Reached skill level 10 in Fighting
 26007 | Lair:5   | Entered Level 5 of the Lair of Beasts
 26680 | Lair:5   | Found a staircase to the Slime Pits.
 26680 | Lair:5   | Found a viscous altar of Jiyva.
 26874 | Lair:5   | Identified the ring of the Death Scarab {rF+ rC- Will++
                  | Dex+6 Stlth+}
 26876 | Lair:5   | Identified the +0 scale mail of the Game of Life {rN++
                  | rCorr Str-5}
 27002 | Lair:5   | Received a gift from Okawaru
 27184 | Lair:5   | Received a gift from Okawaru
 27346 | Lair:5   | Found the amulet of Vitality {RegenMP++ Regen++}
 27398 | Lair:5   | Found a runed translucent gate.
 27398 | Lair:5   | Found a runed translucent gate.
 27398 | Lair:5   | Found a runed translucent gate.
 27400 | Lair:5   | Noticed zewo's ghost (journeyman TrFi)
 27400 | Lair:5   | Noticed Sobieck's ghost (journeyman TrSh)
 27401 | Lair:5   | Noticed peterlawrence's ghost (journeyman MiFi)
 27401 | Lair:5   | Noticed osinmv's ghost (journeyman MiBe)
 28477 | Lair:5   | Received a gift from Okawaru
 28554 | Lair:5   | Reached skill level 10 in Long Blades
 28731 | Lair:5   | Reached XP level 15. HP: 72/119 MP: 24/24
 28910 | Lair:5   | Found a corrupted altar of Lugonu.
 28910 | Lair:5   | Found a one-way gate to the infinite horrors of the Abyss.
 28926 | Lair:5   | Identified a scroll of acquirement
 29901 | Orc:1    | Killed Erolcha
 29963 | Orc:2    | Found a staircase to the Elven Halls.
 30102 | Orc:2    | Found Pughiuc's Armour Shoppe.
 30110 | Orc:2    | Found Abyjuxyz's Assorted Antiques.
 30120 | Orc:2    | Noticed Nessos
 30180 | Orc:2    | Killed Nessos
 30445 | Orc:2    | Found Uzae's Assorted Antiques.
 30452 | Orc:2    | Bought a metallic puce potion for 32 gold pieces
 30452 | Orc:2    | Bought a scroll labelled MEOPNO SUMI for 36 gold pieces
 30458 | Orc:2    | Bought a blue potion for 24 gold pieces
 30458 | Orc:2    | Bought a metallic pink potion for 24 gold pieces
 30614 | Orc:2    | Received a gift from Okawaru
 30807 | Arena    | Entered the Arena
 30847 | Orc:2    | Paralysed by an orc sorcerer for 3 turns
 30854 | Arena    | Entered the Arena
 31154 | Orc:2    | Found Rossai's Distillery.
 31154 | Orc:2    | Found Dein's Antique Armour Emporium.
 31156 | Orc:2    | Found Hysid's Magic Scroll Shop.
 31156 | Orc:2    | Found Fucafo's Assorted Antiques.
 31166 | Orc:2    | Bought a metallic pink potion for 27 gold pieces
 31166 | Orc:2    | Bought a scroll labelled GUM QAXKEDASU for 30 gold pieces
 31171 | Orc:2    | Bought a scroll of fog for 48 gold pieces
 31171 | Orc:2    | Bought a scroll of poison for 48 gold pieces
 31171 | Orc:2    | Bought a scroll of enchant armour for 90 gold pieces
 31175 | Orc:2    | Bought a potion of degeneration for 14 gold pieces
 31175 | Orc:2    | Bought a potion of might for 56 gold pieces
 31175 | Orc:2    | Bought a potion of attraction for 42 gold pieces
 31207 | Orc:2    | Acquired a manual of Invocations
 31235 | Orc:2    | Bought a pair of smoking boots for 275 gold pieces
 31235 | Orc:2    | Identified the +1 pair of boots "Walisoj" {rPois Dex+2}
                  | (You bought it in a shop on level 2 of the Orcish Mines)
 31294 | Orc:2    | Bought the +1 pair of gloves of the Solstice {rN+ Str+3
                  | Dex+5} for 600 gold pieces
 31338 | Orc:2    | Bought a faintly glowing ring mail for 324 gold pieces
 31338 | Orc:2    | Identified the +1 ring mail of Entitlement {rN+} (You
                  | bought it in a shop on level 2 of the Orcish Mines)
 31829 | Orc:2    | Bought a scroll of blinking for 225 gold pieces
 31834 | Orc:2    | Bought a scroll of teleportation for 36 gold pieces
 31834 | Orc:2    | Bought a scroll of teleportation for 36 gold pieces
 32450 | D:12     | Received a gift from Okawaru
 32628 | D:12     | Identified the +4 chain mail "Duchidil" {rPois SInv}
 32823 | D:13     | Found a gate to the Vaults.
 33405 | D:13     | Found Ipeasm's Magic Scroll Shop.
 33410 | D:13     | Bought a scroll of enchant weapon for 127 gold pieces
 33410 | D:13     | Bought a scroll of identify for 34 gold pieces
 33410 | D:13     | Bought a scroll of identify for 34 gold pieces
 33786 | D:13     | Received a gift from Okawaru
 34340 | D:14     | Reached skill level 1 in Throwing
 34987 | D:15     | Entered Level 15 of the Dungeon
 35074 | D:15     | Received a gift from Okawaru
 35151 | D:15     | Found a portal to a secret trove of treasure.
 35307 | D:15     | Reached XP level 16. HP: 82/127 MP: 26/26
 35506 | D:15     | Found a staircase to the Depths.
 36391 | D:14     | Received a gift from Okawaru
 36794 | D:14     | Identified the ring "Moyroul" {^Drain +Blink Int+2 Dex+6
                  | SInv}
 37078 | Snake:1  | Entered Level 1 of the Snake Pit
 37213 | Snake:1  | Identified the +2 robe "Caul" {Will++ Str-4 Stlth+}
 37223 | Snake:1  | Reached skill level 10 in Dodging
 37325 | Snake:1  | Received a gift from Okawaru
 38098 | Snake:1  | Received a gift from Okawaru
 38269 | Snake:2  | Noticed a nagaraja
 38445 | Snake:2  | Found Woppuma's Armour Boutique.
 38584 | Snake:2  | Reached skill level 5 in Throwing
 38596 | Snake:2  | Received a gift from Okawaru
 38772 | Snake:2  | Killed a nagaraja
 39447 | Snake:2  | Reached XP level 17. HP: 117/133 MP: 27/27
 40226 | Snake:3  | Received a gift from Okawaru
 40880 | Snake:3  | Noticed Asterion
 40884 | Snake:3  | Received a gift from Okawaru
 40999 | Snake:3  | Killed Asterion
 41187 | Snake:3  | Reached skill level 10 in Evocations
 41297 | Snake:3  | Identified the serpent talisman of the Moon {MP+9 Int+4}
 41297 | Snake:3  | Noticed Aizul
 41482 | Snake:3  | Received a gift from Okawaru
 41581 | Snake:3  | Reached skill level 15 in Ranged Weapons
 42049 | Snake:3  | Killed Aizul
 42176 | Snake:4  | Entered Level 4 of the Snake Pit
 42374 | Snake:4  | Found a huge runed translucent gate.
 42374 | Snake:4  | Found a huge runed translucent gate.
 42375 | Snake:4  | Found a huge runed translucent gate.
 42375 | Snake:4  | Found a huge runed translucent gate.
 42375 | Snake:4  | Found a huge runed translucent gate.
 42485 | Snake:4  | Received a gift from Okawaru
 43016 | Snake:4  | Reached XP level 18. HP: 137/140 MP: 28/28
 43082 | Snake:4  | Received a gift from Okawaru
 43672 | Snake:4  | Got a serpentine rune of Zot
 43674 | Snake:4  | Got a jade gem
 43746 | Snake:4  | Identified the +5 great sword "Ikkufux" {venom, Dex+5}
 43760 | Snake:4  | Received a gift from Okawaru
 44204 | Snake:4  | Received a gift from Okawaru
 44851 | Lair:3   | Upgraded the game from 0.31.0-10-gcf4a605ca0 to
                  | 0.31.0-11-ge490571c62
 44951 | Shoals:1 | Entered Level 1 of the Shoals
 45115 | Shoals:1 | Found a runed translucent gate.
 45115 | Shoals:1 | Found a runed translucent gate.
 45115 | Shoals:1 | Found a runed translucent gate.
 45117 | Shoals:1 | Found an opulent altar of Gozag.
 45190 | Shoals:1 | Received a gift from Okawaru
 45800 | Shoals:1 | Found Fivvett's Assorted Antiques.
 45800 | Shoals:1 | Noticed Heh's ghost (adept DsGl)
 46005 | Shoals:2 | Identified the +5 halberd of Rubbish {drain, Stlth+}
 46042 | Shoals:2 | Reached skill level 1 in Translocations
 46088 | Shoals:2 | Reached XP level 19. HP: 135/152 MP: 29/29
 46267 | Shoals:2 | Received a gift from Okawaru
 46365 | Shoals:2 | You fall into a shaft and drop 1 floor!
 46482 | Shoals:2 | Noticed Frances
 46503 | Shoals:2 | Killed Frances
 47262 | Shoals:3 | Received a gift from Okawaru
 47267 | Shoals:3 | Identified the +8 falchion "Sadwot" {freeze, rN+ rCorr
                  | Dex+2}
 47334 | Shoals:3 | Reached skill level 5 in Translocations
 47661 | Shoals:3 | Found Ebier's Armour Shop.
 47904 | Shoals:4 | Entered Level 4 of the Shoals
 48227 | Shoals:4 | Received a gift from Okawaru
 48701 | Shoals:4 | Received a gift from Okawaru
 48742 | Shoals:4 | Reached skill level 15 in Fighting
 48742 | Shoals:4 | Reached skill level 15 in Dodging
 48850 | Shoals:4 | Got a barnacled rune of Zot
 49045 | Shoals:4 | Identified the +2 falchion "Ojicil" {distort, *Corrode
                  | Int+6}
 50576 | Shoals:1 | Bought a scroll of fog for 80 gold pieces
 50576 | Shoals:1 | Bought a potion of curing for 60 gold pieces
 50578 | Shoals:1 | Bought a scroll of immolation for 80 gold pieces
 50666 | Lair:5   | Killed Sobieck's ghost
 50679 | Lair:5   | Killed zewo's ghost
 50689 | Lair:5   | Killed peterlawrence's ghost
 50689 | Lair:5   | Received a gift from Okawaru
 50767 | Lair:5   | Killed osinmv's ghost
 51257 | Vaults:1 | Entered Level 1 of the Vaults
 51257 | Vaults:1 | Found Odeddug's Antique Weapon Emporium.
 51434 | Vaults:1 | Reached XP level 20. HP: 162/162 MP: 30/30
 51601 | Vaults:1 | Reached skill level 1 in Spellcasting
 51640 | Vaults:1 | Received a gift from Okawaru
 51712 | Vaults:1 | Found Pogar's Armour Shoppe.
 51868 | Vaults:1 | Found a transporter.
 51885 | Vaults:1 | Found Wuur's Armour Shoppe.
 51903 | Vaults:1 | Found a transporter.
 51935 | Vaults:1 | Found Opaequ Xung's Antique Weapon Boutique.
 52672 | Vaults:1 | Received a gift from Okawaru
 52686 | Vaults:1 | Found Mapn's General Store.
 52697 | Vaults:1 | Bought a potion of heal wounds for 65 gold pieces
 53229 | Vaults:2 | Got the Catalogue of Interference
 53429 | Vaults:2 | Noticed a dread lich
 53450 | Vaults:2 | Killed a dread lich
 53450 | Vaults:2 | Received a gift from Okawaru
 53542 | Vaults:2 | Reached skill level 15 in Invocations
 54089 | Vaults:2 | Received a gift from Okawaru
 54238 | Vaults:2 | Identified the ring "Hauthrec" {Fly rC+ rN+}
 54535 | Vaults:2 | Reached XP level 21. HP: 140/170 MP: 32/32
 54617 | Vaults:2 | Noticed a caustic shrike
 54632 | Vaults:2 | Killed a caustic shrike
 54798 | Vaults:2 | Got the Codex of the Mountains
 55185 | Vaults:3 | Found a magical portal.
 55201 | WizLab   | Entered The Roulette of Golubria
 55201 | WizLab   | Found a transporter.
 55204 | WizLab   | Found a corrupted altar of Lugonu.
 55224 | WizLab   | Found a transporter.
 55316 | WizLab   | Found a transporter.
 55509 | WizLab   | Found a corrupted altar of Lugonu.
 55511 | WizLab   | Found a transporter.
 55542 | WizLab   | Found a corrupted altar of Lugonu.
 55644 | WizLab   | Found a transporter.
 55644 | WizLab   | Found a transporter.
 55650 | WizLab   | Learned a level 3 spell: Gell's Gravitas
 55654 | WizLab   | Learned a level 3 spell: Teleport Other
 55816 | WizLab   | Found a transporter.
 55816 | WizLab   | Found a transporter.
 55978 | WizLab   | Found a transporter.
 55978 | WizLab   | Found a transporter.
 55978 | WizLab   | Found a corrupted altar of Lugonu.
 55985 | WizLab   | Received a gift from Okawaru
 56002 | WizLab   | Found a transporter.
 56002 | WizLab   | Found a transporter.
 56160 | WizLab   | Identified the +1 cloak of a Hundred Artisans {^Drain rCorr
                  | Dex+4}
 56170 | WizLab   | Found a transporter.
 56170 | WizLab   | Found a transporter.
 56278 | WizLab   | Found a corrupted altar of Lugonu.
 56289 | WizLab   | Found a transporter.
 56289 | WizLab   | Found a transporter.
 56594 | WizLab   | Found a corrupted altar of Lugonu.
 56629 | WizLab   | Found a transporter.
 56629 | WizLab   | Found a transporter.
 56871 | WizLab   | Got Yracw's Folio of Movement
 56877 | WizLab   | Learned a level 4 spell: Passage of Golubria
 56879 | WizLab   | Identified the +1 cloak of Senteciv {rC+++ Int-2 Dex+5
                  | Stlth-}
 56965 | WizLab   | Found a transporter.
 56971 | WizLab   | Paralysed by accursed screaming for 1 turns
 57246 | WizLab   | Found a corrupted altar of Lugonu.
 57698 | Vaults:3 | Received a gift from Okawaru
 57890 | Vaults:3 | Found a staircase to the Crypt.
 58613 | Vaults:3 | Found Xirub's Antique Weapon Boutique.
 58705 | Vaults:3 | Received a gift from Okawaru
 58897 | Vaults:4 | Reached skill level 5 in Spellcasting
 58993 | Vaults:4 | Received a gift from Okawaru
 58994 | Vaults:4 | Reached skill level 10 in Translocations
 59287 | Vaults:4 | Reached XP level 22. HP: 164/178 MP: 33/33
 59711 | Vaults:4 | Received a gift from Okawaru
 59820 | Vaults:4 | Found Ises's Assorted Antiques.
 60184 | Elf:1    | Entered Level 1 of the Elven Halls
 60803 | Elf:1    | Found Yreprat's Antique Armour Boutique.
 60804 | Elf:1    | Found Padgheine's General Store.
 60830 | Elf:1    | Bought an embroidered hat for 210 gold pieces
 61209 | Elf:1    | Noticed Azrael
 61218 | Elf:1    | Killed Azrael
 61488 | Elf:2    | Found a runed translucent gate.
 61490 | Elf:2    | Found a runed translucent gate.
 61491 | Elf:2    | Found a runed translucent gate.
 61524 | Elf:2    | Received a gift from Okawaru
 61727 | Elf:2    | Found a large runed translucent door.
 61730 | Elf:2    | Found a large runed translucent door.
 61732 | Elf:2    | Noticed turdburglar's ghost (adept DrSh)
 61776 | Elf:1    | Found a shimmering blue altar of Sif Muna.
 62140 | Elf:3    | Entered Level 3 of the Elven Halls
 62638 | Elf:3    | Found Lahibuf's Antique Weapon Boutique.
 62697 | Elf:3    | Bought a runed great sword for 190 gold pieces
 62709 | Elf:3    | Received a gift from Okawaru
 63165 | Elf:3    | Found Ceret's Armour Shop.
 63326 | Elf:3    | Found Dejycvol's Weapon Shop.
 63454 | Elf:3    | Found Uruergh's Distillery.
 63462 | Elf:3    | Bought a potion of cancellation for 160 gold pieces
 63478 | Elf:3    | Found Fiohubukk's Weapon Shoppe.
 63574 | Elf:3    | Received a gift from Okawaru
 63842 | Elf:3    | Identified the ring "Deloelikk" {rPois rCorr Int-2 Dex+6}
 63854 | Elf:3    | Identified the +6 mace "Ravee" {heavy, rF+ Str+4 SInv}
 63854 | Elf:3    | Identified the ring "Barutwoc" {EV+5 Int+3}
 63863 | Elf:3    | Reached XP level 23. HP: 168/186 MP: 34/34
 63867 | Elf:3    | Identified the amulet of Zofoifo {Faith rF- rN+ MP+9 Str+6}
 63940 | Elf:3    | Identified the +6 hand cannon of Urgency {freeze, Will+
                  | Stlth+}
 63985 | Elf:3    | Identified the staff of the Sun {rC+ Will+ Ice}
 64041 | Elf:3    | Learned a level 4 spell: Dimensional Bullseye
 64350 | Depths:1 | Entered Level 1 of the Depths
 64496 | Depths:1 | Reached skill level 1 in Hexes
 64574 | Depths:1 | Found a one-way gateway to a ziggurat.
 64672 | Depths:1 | Received a gift from Okawaru
 65274 | Depths:1 | Found Nuly's Jewellery Boutique.
 65275 | Depths:1 | Found Pupoavumn's Book Shoppe.
 65275 | Depths:1 | Found Galailym's Book Shoppe.
 65304 | Depths:1 | Bought a book of Battle for 286 gold pieces
 65309 | Depths:1 | Learned a level 3 spell: Ozocubu's Armour
 65321 | Depths:1 | Found a gateway to Hell.
 65402 | Depths:1 | Found an iron altar of Okawaru.
 65537 | Depths:2 | Reached skill level 1 in Ice Magic
 65652 | Depths:2 | Found a one-way gate leading to the halls of Pandemonium.
 65681 | Depths:2 | Found a hazy altar of Hepliaklqana.
 65759 | Depths:2 | Received a gift from Okawaru
 65773 | Depths:2 | Reached skill level 5 in Hexes
 65870 | Depths:2 | Noticed a golden dragon
 65889 | Depths:2 | Killed a golden dragon
 65889 | Depths:2 | Received a gift from Okawaru
 66024 | Depths:2 | Identified the staff "Doceonod" {rF+ Stlth+ Fire}
 66061 | Depths:2 | Noticed a golden dragon
 66068 | Depths:2 | Killed a golden dragon
 66695 | Depths:2 | Received a gift from Okawaru
 66752 | Depths:2 | Identified the staff of the Crypt {rN+ Int+6 Necro}
 66753 | Depths:2 | Identified the +10 flail "Uvem" {elec, rN+}
 67236 | Depths:1 | Bought the ring "Segicvim" {rElec rF+ Will+ Str-5 SInv} for
                  | 684 gold pieces
 67488 | D:15     | You paid a toll of +4 fire dragon scales to enter a
                  | treasure trove
 67489 | Trove    | Entered a treasure trove
 67496 | Trove    | Identified the +1 great sword "Seem" {speed, rN+ Will+
                  | Dex+3}
 67500 | Trove    | Identified the amulet of Laimpoykh {Spirit ^Drain Int+6
                  | Slay+3}
 67504 | Trove    | Identified the +6 orcbow "Globulus" {drain, rPois rC+ rN++
                  | Dex-3}
 67507 | Trove    | Identified the +0 pair of boots of Misanthropy {Will+
                  | Dex+6}
 67514 | Trove    | Identified the amulet of Divine Intervention {Reflect Dex+3
                  | SH+5}
 67667 | D:12     | Killed LoggersVIII's ghost
 68263 | Depths:3 | Reached XP level 24. HP: 136/196 MP: 28/34
 68414 | Depths:3 | Noticed a caustic shrike
 68421 | Depths:3 | Killed a caustic shrike
 68505 | Depths:3 | Identified the ring "Wigineg" {rF+ Will++ Str-4 Slay+2}
 68506 | Depths:3 | Got the Tractate on the Underground Mob
 68527 | Depths:3 | Identified the +3 dagger "Vary" {spect, rF++ Will+ rCorr
                  | Str-2}
 68612 | Depths:3 | Reached skill level 5 in Ice Magic
 68759 | Depths:3 | Received a gift from Okawaru
 69028 | Depths:3 | Identified the serpent talisman of Caromn {rC+ Slay-4 SInv}
 69063 | Depths:3 | Found a radiant altar of Vehumet.
 69487 | Depths:4 | Entered Level 4 of the Depths
 69767 | Depths:4 | Noticed a juggernaut
 69775 | Depths:4 | Killed a juggernaut
 70431 | Depths:4 | Noticed a juggernaut
 70470 | Depths:4 | Killed a juggernaut
 70474 | Depths:4 | Received a gift from Okawaru
 70833 | Depths:4 | Reached skill level 10 in Hexes
 70961 | Depths:4 | Found a runed translucent door.
 71017 | Depths:4 | Found a runed translucent door.
 71022 | Depths:4 | Found a runed translucent door.
 71045 | Depths:4 | Received a gift from Okawaru
 71063 | Depths:4 | Reached skill level 10 in Armour
 71128 | Depths:4 | Found a runed translucent door.
 71186 | Depths:4 | Found a runed translucent door.
 71189 | Depths:4 | Found a runed translucent door.
 71226 | Depths:4 | Found a gate to the Realm of Zot.
 71881 | Slime:1  | Entered Level 1 of the Pits of Slime
 72094 | Slime:2  | Reached XP level 25. HP: 201/204 MP: 34/34
 72186 | Slime:4  | Received a gift from Okawaru
 72188 | Slime:4  | Paralysed by a formless jellyfish for 1 turns
 72281 | Slime:5  | Entered Level 5 of the Pits of Slime
 72442 | Slime:5  | Found a viscous altar of Jiyva.
 72442 | Slime:5  | Noticed the Royal Jelly
 72451 | Slime:5  | Killed the Royal Jelly
 72679 | Slime:5  | Got a slimy rune of Zot
 72686 | Slime:5  | Identified the ring of Ytiokhle {^Drain rN+ AC+4 Dex+2
                  | Slay+3}
 72751 | Slime:5  | Identified the +1 scale mail of Lumonu Wigu {rElec Slay+5}
 72753 | Slime:5  | Identified the +1 helmet of Starshine {rF+ Str+3}
 72842 | Slime:5  | Found the +8 whip "Snakebite" {venom, curare, rPois}
 72863 | Slime:5  | Identified the +6 quarterstaff of the Four Mystics {flame,
                  | rElec rC+}
 73833 | Zot:1    | Entered Level 1 of the Realm of Zot
 74227 | Zot:1    | Noticed an orb of fire
 74238 | Depths:4 | Received a gift from Okawaru
 74255 | Zot:1    | Killed an orb of fire
 74271 | Zot:1    | Identified the ring "Xafyxe" {Will- EV+5 Int+6}
 74677 | Zot:1    | Identified the +0 ring mail of Vudikh {Str+4 Dex+4}
 74879 | Zot:1    | Found Haifata's CLEARANCE SALE!.
 75658 | Zot:2    | Reached XP level 26. HP: 211/211 MP: 34/34
 77034 | Zot:3    | Received a gift from Okawaru
 77197 | Zot:3    | Got Cerael's Precepts of the Loathsome Mesa
 78706 | Zot:4    | Received a gift from Okawaru
 78807 | Zot:5    | Entered Level 5 of the Realm of Zot
 78986 | Zot:5    | Noticed an orb of fire
 78993 | Zot:5    | Gained mutation: Your magical capacity is low. (-10% MP)
                  | [an orb of fire]
 78994 | Zot:5    | Killed an orb of fire
 79313 | Zot:5    | Noticed a Killer Klown
 79313 | Zot:5    | Noticed an ancient lich
 79314 | Zot:5    | Noticed a Killer Klown
 79315 | Zot:5    | Noticed an orb of fire
 79316 | Zot:5    | Noticed a Killer Klown
 79316 | Zot:5    | Noticed a Killer Klown
 79316 | Zot:5    | Noticed a Killer Klown
 79324 | Zot:5    | Killed an ancient lich
 79325 | Zot:5    | Noticed a dread lich
 79328 | Zot:5    | Killed an orb of fire
 79330 | Zot:5    | Noticed a dread lich
 79379 | Zot:5    | Noticed a dread lich
 79459 | Zot:5    | Killed a dread lich
 79460 | Zot:5    | Reached skill level 15 in Armour
 79465 | Zot:5    | Noticed an ancient lich
 79509 | Zot:5    | Killed an ancient lich
 79509 | Zot:5    | Received a gift from Okawaru
 79684 | Zot:5    | Noticed a Killer Klown
 79698 | Zot:5    | Killed a Killer Klown
 79764 | Zot:5    | Killed a dread lich
 79786 | Zot:5    | Noticed a Killer Klown
 79787 | Zot:5    | Noticed a Killer Klown
 79790 | Zot:5    | Noticed an orb of fire
 79804 | Zot:5    | Killed an orb of fire
 79810 | Zot:5    | Killed a Killer Klown
 79811 | Zot:5    | Reached XP level 27. HP: 181/221 MP: 16/30
 79825 | Zot:5    | Noticed a dread lich
 79833 | Zot:5    | Killed a dread lich
 79841 | Zot:5    | Received a gift from Okawaru
 79865 | Zot:5    | Noticed an orb of fire
 79865 | Zot:5    | Gained mutation: Your health recovers twice as slowly from
                  | being drained. [an orb of fire]
 79871 | Zot:5    | Killed an orb of fire
 79879 | Zot:5    | Noticed an ancient lich
 79889 | Zot:5    | Killed a dread lich
 79890 | Zot:5    | Killed an ancient lich
 80174 | Zot:5    | Received a gift from Okawaru
 80816 | Crypt:1  | Entered Level 1 of the Crypt
 80826 | Crypt:1  | Noticed Saint Roka
 80836 | Crypt:1  | Killed Saint Roka
 82033 | Crypt:2  | Received a gift from Okawaru
 82037 | Crypt:2  | Learned a level 1 spell: Apportation
 82311 | Crypt:3  | Entered Level 3 of the Crypt
 82857 | Crypt:3  | Found a staircase to the Tomb.
 83009 | Crypt:3  | Noticed a royal mummy
 83752 | Crypt:3  | Received a gift from Okawaru
 84350 | Crypt:3  | Killed a royal mummy
 84357 | Crypt:3  | Identified the staff "Jome" {^Contam rF+ rC++ rN+ Fire}
 84361 | Crypt:3  | Got the Papyrus of Viperous Summoning
 84374 | Crypt:3  | Identified the ring "Nurghusea" {SInv Stlth+}
 85183 | Zot:5    | Got the Orb of Zot
 85400 | Depths:4 | Lost mutation: Your magical capacity is low. (-10% MP) [a
                  | cacodemon]
 85448 | Depths:3 | Noticed Durasorch the pandemonium lord
 85462 | Depths:3 | Killed Durasorch the pandemonium lord
 85484 | Depths:2 | Noticed Deuntad the pandemonium lord
 85514 | Depths:1 | Noticed Poqeucy the pandemonium lord
 85520 | Depths:1 | Killed Poqeucy the pandemonium lord
 85869 | D:$      | Escaped with the Orb!

Illustrated notes

Levels and vault maps discovered:
D:1:      dpeg_arrival_windows_large_door, layout_loops_ring,
          ebering_ecumenical_altar_rust, supply_closet_lemuel,
          minmay_hexomino_f4
D:2:      layout_basic, kennysheep_pointless_box, minmay_misc_feat_hallway,
          serial_bayou_pond_e, grunt_ministairs_13, hangedman_decor_growths,
          ebering_dispersal_statue_hall
D:3:      layout_basic, chequers_serial_rivers_small_a, uniq_terence
D:4:      layout_basic, gammafunk_temple_overflow_elements,
          jmf_multi_god_temple, minmay_temple_entry_statues
D:5:      layout_basic, mainiacjoe_overflow_catwalk,
          gammafunk_ghost_nasty_kobolds, chequers_serial_rivers_room_b
D:6:      layout_basic, kennysheep_mini, minitemple, nicolae_custom_books
D:7:      layout_basic, enter_ossuary_2
D:8:      layout_loops_ring, due_lair_maze_entry_diamond, uniq_erica
D:9:      layout_loops_ring
D:10:     layout_loops_ring, uniq_harold
D:11:     layout_roguey, david_orc_3
D:12:     layout_basic, gammafunk_ghost_hive, serial_ice, serial_ice_a,
          serial_ice_i, serial_ice_f, serial_ice_d, portal_ice_cave_rime
D:13:     layout_basic, lightli_vaults_fourway_checkpoint, serial_shops,
          kennysheep_little_box
D:14:     layout_loops_corners, nicolae_concentric_dashed_squares_mild,
          minivault_12
D:15:     hangedman_depths_entry_civil_slaughter, layout_stronghold,
          enter_trove_3, serial_rivers, chequers_serial_rivers_micro_a,
          chequers_serial_rivers_micro_c, chequers_serial_rivers_micro_a,
          chequers_serial_rivers_large_a, chequers_serial_rivers_marsh,
          nicolae_fountain_basement
Temple:   nicolae_temple_godzebo
Lair:1:   layout_chaotic_city, uniq_amaemon
Lair:2:   layout_chaotic_city, grunt_forest_stairs_clearing,
          infiniplex_staircase_pool
Lair:3:   layout_long_grid, mainiacjoe_shoals_entry_four_pools,
          guppyfry_snake_entry_island, basic_altar
Lair:4:   layout_cave_shapes, serial_bayou_shore_a, uniq_sonja
Lair:5:   hellmonk_lair_end_abyssal_woods, layout_loops_ring,
          nicolae_slime_entry_slimehenge, gammafunk_ghost_cemetery,
          minmay_lair_oklob_items
Shoals:1: nicolae_shoals_deep_elves_summer_vacation, layout_shoals,
          ebering_ghost_gozag, yaktaur_hedge
Shoals:2: layout_shoals, nicolae_shoals_spring_well_temple, uniq_frances
Shoals:3: layout_shoals, serial_shops, nicolae_shop_hallway_plus
Shoals:4: shoals_end_hellmonk_lost_city
Snake:1:  layout_cave_shapes, nicolae_snake_salamander_stairs,
          grunt_megastairs_2
Snake:2:  layout_onion, serial_shops, shop, beargit_elvish_explorers
Snake:3:  layout_cave_pods, nicolae_snake_snakes_in_the_grass, uniq_asterion,
          uniq_aizul
Snake:4:  grunt_snake_rune_spirals, layout_onion_interference, abandoned_shop,
          hangedman_venom_bottle
Slime:1:  layout_caves, nicolae_slime_getting_an_eyeful
Slime:2:  layout_caves
Slime:3:  layout_caves
Slime:4:  layout_caves
Slime:5:  slime_pit_nicolae_trefoil
Orc:1:    layout_caves, nicolae_orc_all_along_the_watchtower
Orc:2:    grunt_orc_tribal_feast, layout_caves, serial_shops, shop, shop,
          nicolae_shop_rolling_square, shop, uniq_erolcha, uniq_nessos
Elf:1:    layout_gridlike, minmay_elf_crystal_hexagon, grunt_ministairs_9,
          nicolae_wooded_promenade, nicolae_elf_glass_and_crystal_pillar_1,
          lemuel_upstairs_altar, uniq_azrael
Elf:2:    elven_hall_of_blades_hangedman_original
          [nicolae_blade_entry_antechamber], layout_loops_corners,
          ebering_ghost_disaster_area
Elf:3:    minmay_elf_hall_circle, layout_onion_city, serial_shops, shop, shop,
          shop, nicolae_shop_bloodbath_and_beyond, shop_statue
Vaults:1: nicolae_vaults_stepped_doors, nicolae_vaults_ninety_degrees,
          vaults_dpeg_spiral, vaults_room_large_hall, hangedman_vaults_slice,
          hangedman_vaults_restitches, grunt_vaults_focal,
          nicolae_vaults_six-pack, vaults_dpeg_cross,
          nicolae_vaults_yaktaur_gun_rack, ontoclasm_vaults_ring_square,
          nicolae_vaults_trapezoid_2, layout_vaults_omnicross, serial_shops,
          nicolae_shop_drivethru, nicolae_shop_just_a_little_nook,
          nicolae_shop_tiny_glass, shop, nicolae_shop_tiny_glass
Vaults:2: nicolae_vaults_whirlpool_walls, nicolae_vaults_shrinking_rooms_1,
          nicolae_vaults_alarming, nicolae_vaults_stairing_the_circle,
          ontoclasm_vaults_bender, vaults_room_fancy_cross, grunt_vaults_twisty,
          nicolae_vaults_two_Ls, vaults_room_stairs_pillars,
          hangedman_vaults_variations, nicolae_vaults_little_squares_6,
          nicolae_vaults_diamond_2, layout_vaults_omnibox,
          serial_magic_research, hangedman_research_probablistics,
          hangedman_research_geology
Vaults:3: infiniplex_enter_wizlab_glasses, hangedman_vaults_trim,
          minmay_crypt_entry_simple_box, nicolae_vaults_network_square,
          hangedman_vaults_slice, nicolae_vaults_puzzle_piece,
          nicolae_vaults_trapezoid_1, layout_vaults_quadrants, serial_shops,
          shop
Vaults:4: grunt_vaults_trifunnel, nicolae_vaults_twisting_passages, v_misc_5,
          nicolae_vaults_double_plus_2, v_rooms_6, v_pattern_5,
          nicolae_vaults_wine_cellar, hangedman_vaults_impose,
          nicolae_vaults_diamond_2, layout_vaults_maze_bifur, serial_shops,
          nicolae_shop_trees
Crypt:1:  layout_misc_corridors, grunt_megastairs_4, uniq_saint_roka
Crypt:2:  layout_chaotic_city
Crypt:3:  due_elkab, layout_chaotic_city, tomb_entry_forgotten_bobbens,
          serial_library_hellmonk_room_c, due_unseen_surprise
Depths:1: layout_honeycomb, enter_ziggurat_e, grunt_mini_vestibule,
          okawaru_trees_2, serial_sigils, serial_sigils_hangedman_stare,
          serial_sigils_hangedman_writhe, serial_sigils_hangedman_scratch,
          serial_sigils_hangedman_snap, kennysheep_generic_room_13,
          minmay_shop_grove
Depths:2: angbandy_vault, layout_gridlike, serial_curves, eino_curves_04,
          eino_curves_03, hell_entry, rand_demon_pan_entry_1,
          abyss_entry_crystal, minivault_10, lemuel_statue_altar
Depths:3: minmay_the_grid_octo_tiled_octocenter_mashed [minmay_the_grid_octo_77,
          minmay_the_grid_octo_thin_diamonds, minmay_the_grid_octo_chip,
          minmay_the_grid_octo_checkerflower,
          minmay_the_grid_octo_prize_square_snowflake,
          minmay_the_grid_square_5x5_two_walls_b,
          minmay_the_grid_square_5x5_fat_x, minmay_the_grid_square_5x5_n,
          minmay_the_grid_square_5x5_sharp_hourglass], layout_honeycomb,
          abyss_entry, nicolae_vehumet_altar_sigil, hell_entry,
          hangedman_glass_garden, serial_bayou_shore_b,
          infiniplex_staircase_zigzag_2, serial_bayou_shore_b
Depths:4: evilmike_zot_entry_castle, layout_gridlike, dk_noncrumbling_2,
          minmay_room_of_horrors, hangedman_geh_valley, lemuel_flamethrower_2
Zot:1:    layout_misc_corridors, regret_index_zotdec_silver_v_v_loose,
          nicolae_shop_clearance
Zot:2:    layout_concentric_octagons, grunt_ministairs_11
Zot:3:    layout_basic
Zot:4:    layout_cathedral_of_symmetry, st_stairs_1
Zot:5:    layout_gridlike, lemuel_lake_of_fire

Skill      XL: |  1  2  3  4  5  6  7  8  9 10 11 12 13 14 15 16 17 18 19 20 21 22 23 24 25 26 27 |
---------------+----------------------------------------------------------------------------------+-----
Stealth        | 2 3 4 5 6 7 8 |  8.0
Ranged Weapons | 5 6 7 8 10 11 12 13 16 17 18 19 20 21 | 21.0
Short Blades   | 1 4 6 7 8 |  8.0
Armour         | 2 4 6 10 14 15 | 15.0
Invocations    | 2 4 5 9 10 11 12 13 14 15 16 | 16.0
Fighting       | 3 5 6 7 8 9 11 12 14 15 16 17 18 19 21 | 21.9
Dodging        | 3 5 7 8 9 10 12 14 15 16 18 19 20 21 | 21.9
Long Blades    | 6 8 10 12 13 14 | 14.2
Evocations     | 3 6 8 10 11 12 13 | 13.6
Throwing       | 1 5 6 |  6.0
Translocations | 1 5 8 10 13 14 | 14.0
Spellcasting   | 3 5 |  5.0
Hexes          | 7 10 | 10.0
Ice Magic      | 4 7 8 |  8.0

Action                     |  1- 3 |  4- 6 |  7- 9 | 10-12 | 13-15 | 16-18 | 19-21 | 22-24 | 25-27 || total
---------------------------+-------+-------+-------+-------+-------+-------+-------+-------+-------++-------
  Melee: Dagger            |       |    42 |   296 |    65 |       |       |       |       |       ||   403
         Punch             |       |       |     6 |    17 |    32 |     6 |     1 |       |       ||    62
         Falchion          |       |       |       |   509 |   124 |     7 |       |       |       ||   640
         Scimitar          |       |       |       |    11 |   783 |   162 |       |       |       ||   956
         Quick blade       |       |       |       |       |   321 |   324 |    49 |    12 |       ||   706
         Great sword       |       |       |       |       |       |     7 |    10 |    28 |     6 ||    51
   Fire: Shortbow          |    68 |   151 |   246 |   507 |   592 |       |       |       |       ||  1564
         Longbow           |       |       |       |       |   281 |  1182 |  1512 |   483 |       ||  3458
         Triple crossbow   |       |       |       |       |       |       |       |   762 |  1132 ||  1894
  Throw: Dart              |       |       |       |     5 |     4 |     5 |     4 |     2 |       ||    20
         Throwing net      |       |       |       |       |       |     2 |     1 |       |       ||     3
   Cast: Passage of Golubr |       |       |       |       |       |       |       |     2 |     8 ||    10
         Ozocubu's Armour  |       |       |       |       |       |       |       |     5 |     4 ||     9
         Dimensional Bulls |       |       |       |       |       |       |       |     8 |    35 ||    43
         Blink             |       |       |       |       |       |       |       |       |     8 ||     8
 Invoke: Heroism           |       |       |     5 |    10 |     7 |     1 |     5 |     5 |    11 ||    44
         Finesse           |       |       |       |     2 |     3 |     1 |     2 |       |     4 ||    12
         Receive Weapon    |       |       |       |       |     1 |       |       |       |       ||     1
         Receive Armour    |       |       |       |       |     1 |       |       |       |       ||     1
         Duel              |       |       |       |       |     2 |       |       |       |       ||     2
  Evoke: Wand              |       |       |     1 |     2 |     5 |     7 |    13 |     1 |     1 ||    30
         Condenser vane    |       |       |       |       |     1 |     3 |     3 |       |     2 ||     9
    Use: Scroll            |       |     1 |     5 |     3 |     8 |    18 |     5 |    14 |     5 ||    59
         Potion            |       |       |     2 |       |     5 |     2 |     6 |       |    10 ||    25
   Stab: Sleeping          |       |     1 |     1 |     1 |     1 |     3 |       |     2 |       ||     9
         Distracted        |       |       |       |       |       |     1 |       |       |       ||     1
 Armour: Leather armour    |    11 |    74 |   174 |   117 |   488 |   397 |   309 |   147 |       ||  1717
         Ring mail         |       |       |       |   414 |   278 |       |       |       |       ||   692
         Troll leather arm |       |       |       |     2 |       |       |       |       |       ||     2
         Quicksilver drago |       |       |       |       |       |       |       |   100 |   262 ||   362
  Dodge: Dodged            |    13 |    57 |   179 |   512 |  1435 |   924 |   929 |   970 |  1197 ||  6216
  Block: Buckler           |       |       |       |    11 |       |       |       |       |       ||    11
